Map: Winter Madness LE

Players

ShoWTimE

  • Race: Protoss Protoss
  • League: Master
  • Spawn Location: 11:00

HeroMarine - Winner!

  • Race: Terran Terran
  • Spawn Location: 5:00

VOD

Have the link to the VOD?

Description

Time

  • Played on: Feb. 1, 2026, 10:27 a.m.
  • Length: 8:55
Show
View Real Time Build Order
Export as new Build Order

ShoWTimE Protoss 

Build Orders: 1 Gate Expand, Phoenix Opening, Blink Stalkers 

Get SALT Encoding   

  12  0:00  Probe  
  13  0:12  Probe  
  14  0:17  Pylon  
  14  0:24  Probe  
  14  0:27  Assimilator  
  15  0:33  Probe  
  15  0:41  Probe, Gateway  
  17  0:50  Probe  
  18  1:03  Probe  
  19  1:18  Nexus  
  19  1:28  Cybernetics Core  
  19  1:31  Probe  
  20  1:35  Assimilator  
  20  1:43  Probe  
  20  1:46  Pylon  
  21  1:52  Stalker  
  21  1:55  Probe  
  22  2:04  Warp Gate  
  22  2:07  Probe  
  25  2:19  Probe  
  25  2:20  Phoenix  
  25  2:21  Sentry  
  28  2:30  Probe  
  28  2:31  Probe  
  28  2:32  Twilight Council  
  30  2:41  Stalker  
  30  2:42  Blink, Probe  
  30  2:43  Probe  
  34  2:53  Gateway  
  34  2:54  Probe  
  34  2:55  Probe  
  36  3:04  Gateway  
  36  3:07  Probe  
  37  3:13  Probe  
  37  3:17  Probe  
  39  3:24  Phoenix  
  39  3:25  Probe x2  
  40  3:32  Pylon  
  40  3:33  Probe  
  41  3:37  Probe  
  43  3:44  Nexus  
  43  3:46  Probe  
  44  3:49  Probe  
  45  3:56  Pylon  
  45  3:58  Probe  
  45  4:00  Stalker  
  45  4:01  Stalker  
  50  4:06  Stalker  
  50  4:07  Probe  
  53  4:10  Assimilator  
  53  4:11  Probe  
  54  4:18  Pylon  
  54  4:21  Probe  
  54  4:23  Forge, Probe  
  56  4:32  Gateway  
  56  4:33  Probe  
  56  4:35  Probe  
  56  4:36  Gateway  
  58  4:44  Charge, Gateway  
  56  4:46  Stalker  
  56  4:48  Probe x2  
  56  4:52  Gateway  
  60  4:55  Protoss Ground Weapons Level 1  
  60  4:58  Stalker  
  62  5:00  Stalker  
  62  5:01  Probe  
  62  5:06  Probe x2  
  66  5:13  Probe  
  66  5:14  Probe  
  68  5:18  Probe  
  68  5:19  Sentry  
  72  5:22  Shield Battery, Probe  
  72  5:26  Probe  
  74  5:30  Probe  
  74  5:33  Gateway x2, Probe  
  76  5:36  Pylon  
  76  5:38  Probe  
  76  5:40  Sentry  
  79  5:43  Pylon  
  79  5:46  Stalker x2  
  79  5:49  Pylon  
  83  5:53  Zealot  
  85  5:58  Stalker x2  
  88  6:04  Stalker x2  
  88  6:10  Zealot x2  
  84  6:17  Zealot  
  67  6:19  Probe  
  67  6:21  Probe  
  67  6:23  Probe  
  62  6:29  Probe, Templar Archives  
  62  6:31  Probe  
  63  6:34  Sentry x2, Zealot x2  
  63  6:35  Probe  
  63  6:38  Probe  
  73  6:43  Assimilator, Probe  
  73  6:45  Zealot  
  77  6:48  Probe, Pylon  
  77  6:50  Probe, Zealot  
  81  6:55  Probe  
  81  6:59  Zealot x2  
  81  7:00  Probe  
  87  7:02  Probe  
  87  7:06  Stalker  
  87  7:07  Pylon, Probe  
  91  7:12  Probe  
  91  7:13  Stalker x2  
  91  7:15  Probe  
  97  7:17  Assimilator  
  97  7:18  Psionic Storm  
  97  7:22  Pylon  
  97  7:24  Pylon  
  97  7:26  Shield Battery  
  97  7:30  Nexus  
  97  7:38  Stalker  
  97  7:39  Stalker  
  97  7:41  Zealot x3  
  93  7:58  Zealot x4  
  93  8:01  Pylon, Zealot x3  
  93  8:02  High Templar x2  
  88  8:21  Zealot x7  
  94  8:33  Gateway  
  94  8:37  Robotics Facility  
  94  8:38  Zealot x2  
  93  8:43  Archon  
  93  8:45  Zealot x5, Nexus  
  87  8:50  Zealot x2  
Show
View Real Time Build Order
Export as new Build Order

HeroMarine Terran - Winner!

Build Orders: Cyclone Opening 

Get SALT Encoding   

  12  0:00  SCV  
  13  0:12  SCV  
  14  0:16  Supply Depot  
  14  0:24  SCV  
  15  0:38  SCV, Barracks  
  15  0:42  Refinery  
  16  0:50  SCV  
  17  1:02  SCV  
  18  1:14  SCV  
  19  1:26  Orbital Command  
  20  1:34  Command Center  
  20  1:37  Marine  
  20  1:49  Factory  
  20  1:52  SCV  
  21  2:03  Supply Depot  
  21  2:04  SCV  
  21  2:06  Barracks Tech Lab  
  22  2:12  Refinery  
  22  2:17  SCV  
  23  2:29  SCV  
  24  2:36  Barracks  
  24  2:38  Cyclone  
  24  2:41  SCV  
  24  2:44  Barracks Reactor  
  28  2:46  Orbital Command  
  28  2:53  SCV  
  29  3:05  SCV  
  30  3:06  Barracks  
  30  3:13  SCV  
  30  3:17  SCV  
  32  3:21  Marine x2  
  32  3:25  Supply Depot, SCV  
  35  3:29  SCV  
  35  3:34  Stimpack, Marauder  
  36  3:37  SCV  
  36  3:38  Marine  
  36  3:39  Marine  
  36  3:40  Factory Tech Lab  
  41  3:41  SCV  
  42  3:49  SCV  
  42  3:52  Supply Depot  
  42  3:53  SCV  
  44  3:56  Marine x2, Marauder  
  44  4:01  SCV  
  44  4:02  Combat Shield, Marauder  
  51  4:05  SCV  
  51  4:09  Starport  
  52  4:11  Refinery  
  52  4:12  Factory Reactor  
  52  4:14  SCV  
  53  4:17  Marine x2  
  53  4:18  SCV  
  53  4:22  Supply Depot  
  53  4:23  Marauder  
  58  4:27  Marauder  
  58  4:29  SCV  
  58  4:30  SCV  
  62  4:37  Supply Depot  
  62  4:43  SCV x2  
  62  4:44  Marauder  
  66  4:48  Marine x2  
  66  4:49  Marauder  
  70  4:58  Medivac x2, SCV x2  
  76  5:00  Supply Depot  
  76  5:02  Engineering Bay, Supply Depot  
  76  5:10  SCV x2  
  78  5:20  Refinery  
  78  5:21  Marine x2  
  78  5:22  Marauder x2, Concussive Shells, SCV x2  
  78  5:27  Supply Depot  
  86  5:31  Terran Infantry Weapons Level 1  
  86  5:39  Marine x2  
  88  5:43  Marauder x2  
  88  5:48  Command Center  
  88  5:49  Factory Reactor  
  92  5:54  SCV x2  
  94  6:04  Marauder x2  
  94  6:05  Marine x2  
  94  6:06  SCV x2  
  94  6:10  Medivac x2  
  88  6:18  SCV  
  88  6:23  Marine  
  83  6:26  Marine, Marauder x2  
  83  6:27  Widow Mine x2  
  83  6:31  SCV x2, Barracks  
  89  6:33  Barracks  
  89  6:40  Marine  
  89  6:43  Medivac x2, Marine  
  93  6:47  Marauder x2  
  93  6:50  Supply Depot  
  93  6:52  Supply Depot, Widow Mine x2  
  101  6:54  SCV  
  101  6:59  Marine, SCV  
  104  7:02  Marine  
  104  7:06  SCV  
  106  7:09  Marauder x2  
  106  7:11  SCV  
  106  7:14  Widow Mine x2  
  106  7:15  Medivac x2  
  119  7:17  Marine  
  119  7:19  Barracks Reactor  
  119  7:20  Orbital Command  
  119  7:21  SCV  
  121  7:23  Barracks Tech Lab  
  121  7:24  SCV  
  121  7:26  Marine  
  123  7:31  Supply Depot x2  
  123  7:33  SCV  
  123  7:35  Marine, Marauder  
  123  7:36  SCV  
  128  7:41  Widow Mine x2  
  132  7:47  SCV  
  132  7:50  SCV, Marauder  
  132  7:52  Marauder  
  132  7:56  Marauder  
  129  7:59  Marine x4  
  129  8:02  Medivac x2  
  137  8:06  Supply Depot  
  137  8:12  Marauder  
  130  8:13  Marine  
  130  8:15  Widow Mine x2  
  130  8:16  Marine x2  
  130  8:17  Marine x2  
  130  8:18  Marauder  
  133  8:27  SCV x2  
  133  8:29  Refinery  
  133  8:30  Refinery  
  133  8:31  Marauder  
  133  8:32  Marine  
  133  8:33  Armory  
  138  8:34  Engineering Bay, Marine x3  
  138  8:35  Marine  
Tags
 
Add a new tag
Caveats
  • Supply blocks, unpowered buildings, or Contaminate may cause inaccurate times.
  • Supply counts are checked every 10 seconds.